 Dungeon Crawl Stone Soup version 0.32-a0-913-g739538a (webtiles) character file.

Game seed: 12751854299576256704

2200 Dorkslayer the Cleaver (level 9, -13/66 HPs)
             Began as a Mountain Dwarf Fighter on Apr 8, 2024.
             Was an Initiate of Gozag.
             Mangled by a shadow (17 damage)
             ... on level 6 of the Dungeon.
             The game lasted 00:14:19 (5248 turns).

Dorkslayer the Cleaver (Mountain Dwarf Fighter)     Turns: 5248, Time: 00:14:20

Health: -13/66     AC:  9    Str: 22    XL:     9   Next: 12%
Magic:  18/18      EV: 10    Int: 10    God:    Gozag
Gold:   238        SH: 12    Dex:  9    Spells: 8/8 levels left

rFire   . . .        a - +0 war axe
rCold   . . .        o - +4 kite shield
rNeg    . . .        u - +0 acid dragon scales
rPois   .            h - +0 helmet
rElec   .            f - +0 cloak
rCorr   +            r - +1 pair of gloves
SInv    .            (no boots)
Will    +....        d - amulet of regeneration
Stlth   +            g - ring of magical power
HPRegen 1.11/turn    (no ring)
MPRegen 0.16/turn

%: no passive effects
@: no status effects
A: runic magic, artefact enchanting, deformed body, frail 1, strong-willed 1
a: Renounce Religion, Potion Petition, Call Merchant, Bribe Branch


You were on level 6 of the Dungeon.
You worshipped Gozag.
Gozag was aware of your devotion.
You visited 2 branches of the dungeon, and saw 7 of its levels.
You also visited: Sewer.

You collected 418 gold pieces.
You spent 66 gold pieces at shops.
You paid 114 gold pieces to Gozag.

Inventory:

Hand Weapons
 a - a +0 war axe (weapon)
 c - a +1 flail of holy wrath
Armour
 f - a +0 cloak (worn)
 h - a +0 helmet (worn)
 o - a +4 kite shield (worn)
 r - a +1 pair of gloves (worn)
 u - +0 acid dragon scales (worn)
Jewellery
 d - an amulet of regeneration (around neck)
 g - a ring of magical power (left hand)
Talismans
 s - a flux talisman
Scrolls
 b - 2 scrolls of fog
 e - 2 scrolls of identify
 i - a scroll of torment {unknown}
 k - 2 scrolls of summoning
 l - a scroll of blinking
 m - 2 scrolls of teleportation
 p - 2 scrolls of silence
Potions
 j - a potion of resistance
 n - 2 potions of cancellation


   Skills:
 + Level 5.3 Fighting
 + Level 9.2 Axes
 + Level 5.1 Armour
 * Level 3.6 Dodging
 + Level 0.3 Stealth
 + Level 5.3 Shields
 * Level 3.8 Evocations
 + Level 2.0 Shapeshifting


You had 8 spell levels left.
You didn't know any spells.
Your spell library contained the following spells:

 Spells                   Type           Power      Damage    Failure   Level
 Kiss of Death            Conj/Necr      0%         2d5       65%         1
 Confusing Touch          Hex            0%         N/A       95%         3
 Dispel Undead            Necr           0%         3d6       100%        4


Dungeon Overview and Level Annotations

Branches:
Dungeon (6/15)             Temple (1/1) D:4           Sewer (visited)

Altars:
Ashenzari
Dithmenos
Elyvilon
Gozag
Hepliaklqana
Kikubaaqudgha
Makhleb
Okawaru
Ru
Sif Muna
Uskayaw
Vehumet
Xom
Zin
The Shining One

Shops:
D:2 ?


Innate Abilities, Weirdness & Mutations

Your spellcasting is much less encumbered by armour.
You can use scrolls of enchantment on lesser artefacts.
Armour fits poorly on your strangely shaped body.
You are frail. (-10% HP)
You are strong-willed. (Will+)


Message History

The shadow flickers and vanishes!
Deactivating autopickup; reactivate with Ctrl-A.
You barely miss something.
The shadow strikes at you from the darkness!
Reactivating autopickup.
You hit the shadow but do no damage. The shadow barely misses you.
You barely miss the shadow. The shadow misses you.
You barely miss the shadow.
The shadow slips into darkness.
The shadow flickers and vanishes!
Deactivating autopickup; reactivate with Ctrl-A.
You completely miss something.
The shadow strikes at you from the darkness!
Reactivating autopickup.
The shadow completely misses you.
You hit the shadow but do no damage. You block the shadow's attack.
You closely miss the shadow.
The shadow slips into darkness.
The shadow flickers and vanishes!
Deactivating autopickup; reactivate with Ctrl-A.
You closely miss something.
The shadow strikes at you from the darkness!
* * * LOW HITPOINT WARNING * * *
Reactivating autopickup.
You closely miss the shadow.
The shadow slips into darkness.
The shadow flickers and vanishes!
Deactivating autopickup; reactivate with Ctrl-A.
You barely miss something.
The shadow strikes at you from the darkness!
* * * LOW HITPOINT WARNING * * *
Reactivating autopickup.
You closely miss the shadow.
The shadow slips into darkness.
The shadow flickers and vanishes!
Deactivating autopickup; reactivate with Ctrl-A.
You hit something.
The shadow strikes at you from the darkness!
You die...
Your body crumbles into a pile of gold.

................##.<...#....
..........................##
PPPP.._..PPPP..≈§§≈......##.
.....................#....#.
.##.#..............<....#.##
# ####................#.##
##....#.........##.#.
#....#..............
##{@...##.. ..... #.........
..... #.......#. .....
#....##.# #.... #..... ..
... .....#. . ..# .....#.#
.# ......# . # #


There were no monsters in sight!

Vanquished Creatures
  Pikel (D:4)
  Sigmund (D:4)
  3 ice beasts
  Pargi (Sewer)
  A black bear (D:6)
  An ogre (D:6)
  2 centaurs
  2 lemures (D:4)
  A phantom (D:6)
  A scorpion (D:4)
  A bombardier beetle (D:3)
  2 orc priests
  Crazy Yiuf (D:5)
  A gnoll bouda (D:4)
  Ijyb (D:4)
  2 iguanas (D:4)
  3 orc wizards (D:5)
  4 gnolls (D:4)
  A river rat (D:6)
  6 adders
  A shadow imp (D:4)
  2 dart slugs
  A ribbon worm (D:2)
  11 orcs
  4 bats
  10 endoplasms
  5 giant cockroaches
  4 goblins
  7 hobgoblins
  4 jackals
  2 quokkas
  5 ball pythons
  3 frilled lizards (D:1)
  12 kobolds
  A rat (D:1)
108 creatures vanquished.

Vanquished Creatures (collateral kills)
  An ice beast (D:6)
  An ogre (D:6)
  4 gnolls (D:6)
  A white imp (D:6)
  2 ufetubi (D:6)
  An orc (D:6)
10 creatures vanquished.

Grand Total: 118 creatures vanquished

Notes
Turn   | Place    | Note
-------+----------+-------------------------------------------
     0 | D:1      | Dorkslayer the Mountain Dwarf Fighter began the quest for
                  | the Orb.
     0 | D:1      | Reached XP level 1. HP: 19/19 MP: 1/1
   195 | D:1      | Reached XP level 2. HP: 11/26 MP: 2/2
   419 | D:1      | Reached skill level 3 in Axes
   419 | D:1      | Reached XP level 3. HP: 31/31 MP: 3/3
  1277 | D:2      | You fall into a shaft and drop 2 floors!
  1667 | D:2      | Found Widi's Magic Scroll Shoppe.
  1680 | D:2      | Bought a scroll of identify for 22 gold pieces
  1680 | D:2      | Bought a scroll of identify for 22 gold pieces
  1680 | D:2      | Bought a scroll of identify for 22 gold pieces
  1894 | D:3      | Reached skill level 1 in Dodging
  1894 | D:3      | Reached XP level 4. HP: 26/40 MP: 4/4
  2019 | D:3      | Found a shimmering blue altar of Sif Muna.
  2020 | D:3      | Found a shadowy altar of Dithmenos.
  2152 | D:3      | Found a faded altar of an unknown god.
  2479 | D:3      | Reached skill level 4 in Axes
  2479 | D:3      | Reached skill level 1 in Shapeshifting
  2479 | D:3      | Reached XP level 5. HP: 44/46 MP: 5/5
  2668 | D:4      | Reached XP level 6. HP: 13/52 MP: 6/6
  2694 | D:4      | Reached skill level 5 in Axes
  2882 | D:4      | Noticed Sigmund
  2885 | D:4      | Noticed Ijyb
  2891 | D:4      | Killed Sigmund
  2901 | D:4      | Killed Ijyb
  2902 | D:4      | Reached skill level 6 in Axes
  2902 | D:4      | Reached XP level 7. HP: 54/59 MP: 7/7
  2935 | D:4      | Found a hide-covered altar of Uskayaw.
  3001 | D:4      | Noticed Pikel
  3033 | D:4      | Killed Pikel
  3034 | D:4      | Reached skill level 7 in Axes
  3279 | D:4      | Found an iron altar of Okawaru.
  3303 | D:4      | Reached XP level 8. HP: 67/67 MP: 8/8
  3394 | D:4      | Found a staircase to the Ecumenical Temple.
  3403 | Temple   | Entered the Ecumenical Temple
  3506 | D:5      | Entered Level 5 of the Dungeon
  3594 | D:5      | Found a runed translucent door.
  3595 | D:5      | Noticed Crazy Yiuf
  3681 | D:5      | Gained mutation: You are strong-willed. (Will+) [potion of
                  | mutation]
  3681 | D:5      | Gained mutation: You have hidden genetic defects. [potion
                  | of mutation]
  3683 | D:5      | HP: 1/100 [orc priest/+1 flail of holy wrath (6)]
  3908 | D:5      | Found a glowing golden altar of the Shining One.
  3997 | D:5      | Reached skill level 8 in Axes
  4535 | D:5      | Found a broken altar of Ashenzari.
  4700 | D:5      | Killed Crazy Yiuf
  4701 | D:5      | Reached skill level 5 in Fighting
  4815 | D:6      | Reached skill level 5 in Armour
  4817 | D:6      | Gained mutation: You are frail. (-10% HP) [hidden defects]
  4880 | D:6      | Found a glowing drain.
  4884 | Sewer    | Entered a sewer
  4940 | Sewer    | Noticed Pargi
  4953 | Sewer    | Killed Pargi
  5085 | D:6      | Found an opulent altar of Gozag.
  5097 | D:6      | Became a worshipper of Gozag Ym Sagoz the Greedy
  5130 | D:6      | Reached skill level 5 in Shields
  5133 | D:6      | Gained mutation: Armour fits poorly on your strangely
                  | shaped body. [hidden defects]
  5133 | D:6      | Lost mutation: You have hidden genetic defects. [hidden
                  | defects expressed]
  5183 | D:6      | Reached skill level 9 in Axes
  5183 | D:6      | Reached XP level 9. HP: 24/66 MP: 9/9
  5217 | D:6      | Found a hazy altar of Hepliaklqana.
  5244 | D:6      | HP: 2/66 [something (29)]
  5248 | D:6      | Mangled by a shadow

Illustrated notes

Levels and vault maps discovered:
D:1:      dpeg_arrival_signposts, layout_basic
D:2:      layout_loops_corners, serial_shops, shop, kennysheep_nondescript
D:3:      layout_basic, grunt_temple_overflow_open,
          ebering_ecumenical_altar_sacrificial
D:4:      layout_gridville, eat_drink_and_be_merry_uskayaw, lemuel_tele_altar,
          minmay_temple_entry_purple_smoke, eino_tiny_chamber, minmay_circle_x,
          uniq_pikel, uniq_sigmund, uniq_ijyb
D:5:      nicolae_cairo_tiling, layout_cave_pods, ashenzari_altar_1,
          amcnicky_altar_gilded, uniq_crazy_yiuf_cottage
D:6:      layout_cave_pools, mainiacjoe_overflow_boulevard,
          grunt_gozag_breadcrumbs, gup_sewer_entry_bowl,
          nicolae_underground_beach
Temple:   nicolae_temple_superstar

Skill      XL: |  1  2  3  4  5  6  7  8 |
---------------+-------------------------+-----
Axes           | 3 4 6 7 9 |  9.2
Armour         | 4 5 |  5.1
Dodging        | 1 2 3 |  3.6
Shapeshifting  | 1 2 |  2.0
Fighting       | 4 5 |  5.3
Shields        | 4 5 |  5.3
Evocations     | 2 3 |  3.8
Stealth        | |  0.3

Action                     |  1- 3 |  4- 6 |  7- 9 || total
---------------------------+-------+-------+-------++-------
  Melee: War axe           |   129 |    76 |   216 ||   421
  Throw: Throwing net      |       |     1 |       ||     1
  Evoke: Wand              |       |       |     1 ||     1
    Use: Scroll            |     5 |     7 |     6 ||    18
         Potion            |       |     3 |     8 ||    11
 Armour: Scale mail        |    84 |       |       ||    84
         Acid dragon scale |     9 |    58 |   194 ||   261
  Dodge: Dodged            |    54 |    39 |    88 ||   181
  Block: Buckler           |    31 |    20 |    15 ||    66
         Kite shield       |       |       |   151 ||   151

Table legend: (Time is in decaauts)
 A = Elapsed time spent in this place.
 B = Non-inter-level travel time spent in this place.
 C = Inter-level travel time spent in this place.
 D = Time resting spent in this place.
 E = Time spent auto-exploring this place.
 F = Levels seen in this place.
 G = Mean time per level.
                   A        B        C        D        E       F      G
               +--------+--------+--------+--------+--------+-----+--------+
         Total |   5354 |   5354 |      0 |    208 |   2378 |   8 |  669.2 |
       Dungeon |   5132 |   5132 |      0 |    208 |   2378 |   6 |  855.3 |
        Temple |     78 |     78 |      0 |      0 |      0 |   1 |   78.0 |
         Sewer |    142 |    142 |      0 |      0 |      0 |   1 |  142.0 |
               +--------+--------+--------+--------+--------+-----+--------+

Top non-repeatable levels by time:
     D:5: 1263 daAuts
     D:2: 1010 daAuts
     D:3: 862 daAuts
     D:4: 843 daAuts
     D:1: 794 daAuts
     D:6: 358 daAuts
   Sewer: 142 daAuts
  Temple: 78 daAuts
